 Dungeon Crawl Stone Soup version 0.29.0-11-gd7f09526c8 (webtiles) character file.

Game seed: 15049956511244480546

22289 night the Brawler (level 12, -1/93 HPs)
             Began as a Troll Fighter on Sept 2, 2022.
             Was a High Priest of Hepliaklqana.
             Slain by a meliai
             ... wielding a +0 war axe
              (7 damage)
             ... on level 13 of the Dungeon on Sept 3, 2022.
             The game lasted 00:29:09 (9334 turns).

night the Brawler (Troll Fighter)                   Turns: 9334, Time: 00:29:10

Health: -1/93      AC:  9    Str: 39    XL:     12   Next: 61%
Magic:  16/16      EV:  9    Int:  4    God:    Hepliaklqana [*****.]
Gold:   0          SH: 15    Dex:  9    Spells: 11/11 levels left

rFire   . . .      SeeInvis +     - Unarmed
rCold   . . .      Faith    .   b - +0 kite shield
rNeg    . . .      Spirit   .   K - +0 troll leather armour
rPois   .          Reflect  +   (helmet restricted)
rElec   +          Harm     .   M - +2 cloak of Sirud {rElec Str+4}
rCorr   .          Rampage  .   (gloves unavailable)
Will    .....                   (boots unavailable)
Stlth   ..........              y - amulet of reflection
HPRegen 1.85/turn               k - ring of see invisible
MPRegen 0.15/turn               O - ring "Xuiphu" {Wiz Str+4}

@: silenced
A: reduced essence, large, unfitting armour, claws 3, regeneration 1, shaggy fur
1, tough skin 1
a: Renounce Religion


You were on level 13 of the Dungeon.
You worshipped Hepliaklqana.
Hepliaklqana was extremely pleased with you.
You visited 2 branches of the dungeon, and saw 14 of its levels.
You visited 1 bazaar.

You collected 2352 gold pieces.
You spent 2352 gold pieces at shops.

Inventory:

Missiles
 f - 101 stones (quivered)
 q - 6 atropa-tipped darts
 t - 4 boomerangs
 v - 3 curare-tipped darts
Armour
 b - a +0 kite shield (worn)
 j - a +2 cloak of poison resistance
 E - +0 ice dragon scales
 K - a +0 troll leather armour (worn)
 M - the +2 cloak of Sirud (worn) {rElec Str+4}
   (You bought it in a shop on level 13 of the Dungeon)

   Str:       It affects your strength (+4).
   rElec:     It insulates you from electricity.
Jewellery
 c - an amulet of magic regeneration
 k - a ring of see invisible (left claw)
 x - an amulet of faith
 y - an amulet of reflection (around neck)
 O - the ring "Xuiphu" (right claw) {Wiz Str+4}
   (You found it on level 13 of the Dungeon)

   [ring of wizardry]

   It improves your spell success rate.
   Str:       It affects your strength (+4).
Wands
 m - a wand of paralysis (13)
 u - a wand of roots (7)
 w - a wand of digging (7)
 B - a wand of quicksilver (8)
 F - a wand of polymorph (9)
 J - a wand of mindburst (7)
Scrolls
 e - 3 scrolls of poison
 h - 2 scrolls of torment
 l - 3 scrolls of enchant armour
 n - 2 scrolls of brand weapon
 o - 5 scrolls of teleportation
 r - 4 scrolls of enchant weapon
 s - 3 scrolls of magic mapping
 C - a scroll of silence
 H - a scroll of fear {unknown}
 I - 6 scrolls of identify
 N - a scroll of vulnerability {unknown}
Potions
 a - a potion of berserk rage {unknown}
 d - a potion of heal wounds
 g - 5 potions of haste
 i - a potion of ambrosia
 p - 5 potions of curing
 A - a potion of invisibility {unknown}
 D - a potion of resistance
 G - a potion of flight
 L - a potion of cancellation {unknown}


   Skills:
 - Level 2.4 Fighting
 - Level 2.4 Dodging
 + Level 10.9 Shields
 * Level 15.9 Unarmed Combat
 + Level 7.7 Invocations


You had 11 spell levels left.
You didn't know any spells.
Your spell library contained the following spells:

 Spells                   Type           Power      Damage    Failure   Level
 Poisonous Vapours        Pois/Air       0%         N/A       52%         2
 Confusing Touch          Hex            0%         N/A       77%         3
 Ozocubu's Armour         Ice            0%         N/A       77%         3
 Corpse Rot               Necr/Pois/Air  0%         N/A       98%         4
 Metabolic Englaciation   Hex/Ice        0%         N/A       100%        5
 Yara's Violent Unravell  Hex/Tmut       0%         3d3       100%        5
 Simulacrum               Ice/Necr       0%         N/A       100%        6
 Enfeeble                 Hex            0%         N/A       100%        7


Dungeon Overview and Level Annotations

Branches:
Dungeon (13/15)            Temple (1/1) D:6            Lair (0/5) D:9
    Orc (0/2) D:9
 Vaults: D:13-14

Altars:
Gozag
Hepliaklqana
Kikubaaqudgha
Okawaru
Qazlal
Trog
Wu Jian
Yredelemnul
Zin
The Shining One

Shops:
D:4 [*?   D:13 =[!


Innate Abilities, Weirdness & Mutations

Your life essence is reduced to manifest your ancestor. (-10% HP)
You are too large for most types of armour.
You have claws for hands.
Your natural rate of healing is unusually fast.
You are covered in fur. (AC +1)
You have tough skin. (AC +1)


Message History

Ilshubani hits the meliai with a +0 dagger of draining!
You block the meliai's attack. x2
The meliai calls upon its god to heal the meliai.
The meliai is healed somewhat.
The meliai hits Ilshubani with a +0 hand axe.
The meliai hits you with a +0 hand axe.
* * * LOW HITPOINT WARNING * * *
The meliai stings Ilshubani.
Ilshubani hits the meliai with a +0 dagger of draining.
As you read the scroll of silence, it crumbles to dust.
A profound silence engulfs you. You block the meliai's attack.
The meliai stings you but does no damage.
The meliai hits you but does no damage.
The meliai closely misses Ilshubani.
You block the meliai's attack.
Ilshubani hits the meliai with a +0 dagger of draining.
The meliai hits you with a +0 hand axe.
* * * LOW HITPOINT WARNING * * *
The meliai barely misses you. The meliai hits you with a +0 hand axe!
* * * LOW HITPOINT WARNING * * *
The meliai hits Ilshubani with a +0 hand axe!
You block the meliai's attack. The meliai barely misses you.
The meliai barely misses Ilshubani.
The meliai stings you but does no damage.
Ilshubani hits the meliai with a +0 dagger of draining!
Ilshubani drains the meliai.
The meliai dies!
You feel much better. You block the meliai's attack. x2
The meliai hits you with a +0 war axe!
* * * LOW HITPOINT WARNING * * *
The meliai hits Ilshubani with a +0 war axe.
You block the meliai's attack.
Ilshubani hits the meliai with a +0 dagger of draining.
Ilshubani drains the meliai.
You block the meliai's attack. The meliai stings you.
* * * LOW HITPOINT WARNING * * *
The meliai hits you with a +0 war axe!
* * * LOW HITPOINT WARNING * * *
The meliai hits Ilshubani with a +0 war axe.
The meliai stings you!
You die...

#.....############...# ********
#####.........#.##...# ,,,,,,,*
#.........#....... ,,,,,,,*
#.........#....... ,,,,,,,*
#.........#...)... ,,,,,,,*
#.........#....... ,,,,,,,*
#.........#......# ,,,,,,,*
#.........#......#
,,,,,,,****#####@R.......#.......
,,,,,,,,,......y)y.......#.......
,,,,,,,,,................#.......
,,,,,,,,,.......##'#######.......
,,,,,,,,,.......#................
*+*****,,....u..#................
,,,,,,*,,.......#.......##....###
,,,,,,*,,.......+...>...##....###
,,,,,,*,,,,,,,,,#.......##.......


You could see the friendly Ilshubani the hexer, a red ugly thing and 2 meliai.

Vanquished Creatures
  Rupert (D:12)
  2 hydras
  An ogre mage (D:12)
  10 two-headed ogres
  A deep elf pyromancer (D:13)
  A manticore (D:11)
  A cane toad (shapeshifter) (D:13)
  2 gargoyles
  2 unseen horrors
  A komodo dragon (shapeshifter) (D:13)
  A rime drake (shapeshifter) (D:13)
  2 kobold demonologists (D:12)
  2 hornets
  2 trolls
  3 vampires
  A wraith (D:10)
  2 wyverns
  10 yaks
  A steam dragon (D:6)
  Duvessa (D:4)
  A water moccasin (D:7)
  An acid dragon (D:11)
  An orc warrior (D:9)
  An ice beast (D:7)
  2 sky beasts
  3 ogres
  3 centaurs
  A phantom (D:4)
  A kobold brigand (D:9)
  A bullfrog (D:8)
  2 scorpions
  2 wyvern zombies (D:7)
  3 necrophages (D:7)
  Dowan (D:4)
  A water moccasin skeleton (D:4)
  18 wights
  14 killer bees
  A howler monkey (D:8)
  A centaur zombie (D:7)
  A hound (D:5)
  A human zombie (D:7)
  6 orc priests
  A jelly (D:4)
  A bullfrog skeleton (D:4)
  2 iguanas (D:5)
  Ijyb (D:5)
  8 orc wizards
  A killer bee zombie (D:7)
  The ghost of Flugkiller the Trooper, a weakling MiFi (D:3)
  A hound zombie (D:4)
  Robin (D:2)
  3 gnolls (D:6)
  A howler monkey skeleton (D:4)
  4 adders
  2 ufetubi
  2 adder zombies (D:4)
  2 adder skeletons (D:4)
  A worm (D:5)
  A dart slug (D:1)
  27 orcs
  5 bats
  7 endoplasms
  2 giant cockroaches (D:2)
  10 goblins
  3 hobgoblins
  10 jackals
  4 quokkas
  4 ball pythons
  4 frilled lizards
  18 kobolds
  A quokka zombie (D:4)
  3 rats
244 creatures vanquished.

Vanquished Creatures (collateral kills)
  A two-headed ogre (D:12)
  A kobold demonologist (D:13)
  A komodo dragon (D:12)
  A meliai (D:13)
  A shadow (D:12)
  2 wyverns
  A yak (D:9)
  A warg (D:11)
  2 water moccasins
  A sky beast (D:8)
  A centaur (D:9)
  3 bullfrogs
  A killer bee (D:8)
  A howler monkey (D:4)
  A centaur zombie (D:4)
  A jelly (D:7)
  A hound (D:5)
  An orc priest (D:8)
  3 orc wizards
  2 adders
  An ufetubus (D:5)
  A worm (D:3)
  4 orcs
  A ball python (D:3)
  3 goblins (D:2)
  2 hobgoblins
  A jackal (D:3)
  A kobold (D:2)
  A rat (D:2)
42 creatures vanquished.

Vanquished Creatures (others)
  11 hexers
  An ancestor (D:2)
  A butterfly (D:6)
  5 plants (D:5)
18 creatures vanquished.

Grand Total: 304 creatures vanquished

Notes
Turn   | Place    | Note
-------+----------+-------------------------------------------
     0 | D:1      | night the Troll Fighter began the quest for the Orb.
     0 | D:1      | Reached XP level 1. HP: 22/22 MP: 0/0
   166 | D:1      | Reached XP level 2. HP: 29/29 MP: 1/1
   271 | D:1      | Found a faded altar of an unknown god.
   288 | D:1      | Prayed at the altar of an unknown god.
   288 | D:1      | Became a worshipper of Hepliaklqana the Forgotten
   288 | D:1      | Reached * piety under Hepliaklqana
   412 | D:2      | Reached skill level 3 in Unarmed Combat
   447 | D:2      | Reached XP level 3. HP: 26/32 MP: 2/2
   569 | D:2      | Noticed Robin
   583 | D:2      | HP: 4/32 [goblin/+0 club[Robin] (5)]
   605 | D:2      | Killed Robin
   606 | D:2      | Reached XP level 4. HP: 10/39 MP: 3/3
  1029 | D:3      | Reached skill level 4 in Unarmed Combat
  1121 | D:3      | Reached ** piety under Hepliaklqana
  1122 | D:3      | Remembered your ancestor Ilshubani as a hexer
  1276 | D:3      | Found a runed translucent door.
  1278 | D:3      | Noticed Flugkiller's ghost (weakling MiFi)
  1564 | D:3      | Killed Flugkiller's ghost
  1565 | D:3      | Reached XP level 5. HP: 32/45 MP: 4/4
  1615 | D:4      | Found a hazy altar of Hepliaklqana.
  1666 | D:4      | Found an opulent altar of Gozag.
  1884 | D:4      | Reached skill level 5 in Unarmed Combat
  1940 | D:4      | Reached *** piety under Hepliaklqana
  1975 | D:4      | Found Wyjemm's Magic Scroll Shoppe.
  1975 | D:4      | Found Plog's Assorted Antiques.
  1976 | D:4      | Found Decail's Antique Armour Shoppe.
  1981 | D:4      | Reached XP level 6. HP: 53/53 MP: 5/5
  2179 | D:4      | Bought a glowing cloak for 150 gold pieces
  2215 | D:4      | Noticed Dowan
  2216 | D:4      | Noticed Duvessa
  2226 | D:4      | Killed Duvessa
  2227 | D:4      | Reached skill level 6 in Unarmed Combat
  2228 | D:4      | Found an iron altar of Okawaru.
  2229 | D:4      | Killed Dowan
  2230 | D:4      | Reached XP level 7. HP: 24/59 MP: 6/6
  2331 | D:4      | Reached skill level 5 in Shields
  2611 | D:5      | Entered Level 5 of the Dungeon
  2645 | D:5      | Reached skill level 7 in Unarmed Combat
  2859 | D:5      | Noticed Ijyb
  2866 | D:5      | Killed Ijyb
  2878 | D:5      | Identified a scroll of acquirement
  2879 | D:5      | Acquired 918 gold pieces
  3147 | D:5      | Reached **** piety under Hepliaklqana
  3351 | D:6      | Reached XP level 8. HP: 66/66 MP: 7/7
  3405 | D:6      | Found a staircase to the Ecumenical Temple.
  3662 | D:6      | Reached skill level 8 in Unarmed Combat
  3677 | D:6      | Found an ornate altar of the Wu Jian Council.
  3701 | Temple   | Entered the Ecumenical Temple
  3773 | D:6      | Found a stormy altar of Qazlal.
  4355 | D:7      | Reached skill level 9 in Unarmed Combat
  4504 | D:7      | Reached XP level 9. HP: 27/72 MP: 8/8
  4514 | D:7      | Reached skill level 10 in Unarmed Combat
  4561 | D:7      | Reached ***** piety under Hepliaklqana
  4967 | D:7      | Found a basalt altar of Yredelemnul.
  5023 | D:7      | Reached skill level 11 in Unarmed Combat
  5141 | D:8      | Found an ancient bone altar of Kikubaaqudgha.
  5212 | D:8      | Reached skill level 1 in Invocations
  5216 | D:8      | Noticed a two-headed ogre
  5228 | D:8      | Killed a two-headed ogre
  5229 | D:8      | Reached skill level 2 in Invocations
  5278 | D:8      | Reached XP level 10. HP: 68/79 MP: 10/10
  5344 | D:8      | Reached skill level 12 in Unarmed Combat
  5492 | D:8      | Paralysed by an orc for 2 turns
  5820 | D:8      | Found a bloodstained altar of Trog.
  6044 | D:9      | Found a glowing golden altar of the Shining One.
  6140 | D:9      | Noticed a two-headed ogre
  6151 | D:9      | Killed a two-headed ogre
  6313 | D:9      | Reached skill level 13 in Unarmed Combat
  6405 | D:9      | Found a staircase to the Orcish Mines.
  6459 | D:9      | Found a staircase to the Lair.
  6845 | D:10     | Entered Level 10 of the Dungeon
  6921 | D:10     | Noticed a gargoyle
  6930 | D:10     | Killed a gargoyle
  6933 | D:10     | Acquired 812 gold pieces
  7001 | D:10     | Reached XP level 11. HP: 66/82 MP: 13/13
  7082 | D:10     | Noticed a two-headed ogre
  7089 | D:10     | Killed a two-headed ogre
  7218 | D:10     | Reached skill level 5 in Invocations
  7514 | D:11     | Noticed an eight-headed hydra
  7521 | D:11     | Killed an eight-headed hydra
  7701 | D:11     | Noticed Maurice
  7703 | D:11     | Noticed Maurice
  7703 | D:11     | Maurice changed into Maurice the warg
  7708 | D:11     | Killed Maurice the warg
  7911 | D:11     | Reached skill level 14 in Unarmed Combat
  8245 | D:12     | Noticed a two-headed ogre
  8246 | D:12     | Noticed a two-headed ogre
  8247 | D:12     | Noticed an ogre mage
  8254 | D:12     | Killed a two-headed ogre
  8257 | D:12     | Noticed a two-headed ogre
  8258 | D:12     | Killed an ogre mage
  8261 | D:12     | Killed a two-headed ogre
  8263 | D:12     | Noticed a two-headed ogre
  8265 | D:12     | Killed a two-headed ogre
  8266 | D:12     | Reached skill level 10 in Shields
  8268 | D:12     | Noticed a two-headed ogre
  8269 | D:12     | Killed a two-headed ogre
  8270 | D:12     | HP: 12/84 [two-headed ogre/+0 giant spiked club (7)]
  8274 | D:12     | Killed a two-headed ogre
  8397 | D:12     | Noticed an eight-headed hydra
  8408 | D:12     | Killed an eight-headed hydra
  8409 | D:12     | Reached XP level 12. HP: 48/93 MP: 11/15
  8447 | D:12     | Noticed Rupert
  8466 | D:12     | Killed Rupert
  8467 | D:12     | Reached skill level 15 in Unarmed Combat
  8605 | D:12     | Noticed a two-headed ogre
  8616 | D:12     | Killed a two-headed ogre
  8941 | D:13     | Found Xecef's Distillery.
  8944 | D:13     | Found Pif Baek's Antique Armour Shoppe.
  8951 | D:13     | Found a flickering gateway to a bazaar.
  8952 | D:13     | Noticed a two-headed ogre
  8967 | D:13     | Killed a two-headed ogre
  9004 | Bazaar   | Entered a bazaar
  9004 | Bazaar   | Found Vuon's Antique Armour Emporium.
  9030 | Bazaar   | Found Kiasheqa's Antique Weapon Shoppe.
  9034 | Bazaar   | Found Ladinoq's Weapon Boutique.
  9055 | Bazaar   | Found Yluronir's Antique Armour Emporium.
  9064 | Bazaar   | Found Tuysape's Jewellery Shoppe.
  9077 | Bazaar   | Bought ice dragon scales for 1860 gold pieces
  9135 | D:13     | Bought a warped cloak for 342 gold pieces
  9135 | D:13     | Identified the +2 cloak of Sirud {rElec Str+4} (You bought
                  | it in a shop on level 13 of the Dungeon)
  9241 | D:13     | Identified the ring "Xuiphu" {Wiz Str+4}
  9255 | D:13     | Found Xavveu's Jewellery Shoppe.
  9268 | D:13     | Noticed a two-headed ogre
  9274 | D:13     | Killed a two-headed ogre
  9333 | D:13     | HP: 6/93 [meliai/+0 hand axe (12)]
  9334 | D:13     | Slain by a meliai

Illustrated notes

Levels and vault maps discovered:
D:1:      heliophobic_arrival_battle_scene, layout_rooms,
          basic_ecumenical_altar, hex_large, reono_crystal_passage
D:2:      layout_loops_ring, uniq_robin
D:3:      layout_basic, gammafunk_ghost_grave, minmay_misc_feat_encased
D:4:      nicolae_cairo_tiling_very_big, layout_basic, okawaru_trees_1,
          mainiacjoe_overflow_brackets, mainiacjoe_overflow_chevrons,
          serial_undead, serial_undead_e, serial_undead_e, serial_undead_f,
          serial_undead_a, serial_undead_c, nicolae_wooded_promenade,
          uniq_duvessa
D:5:      layout_basic, serial_bayou, serial_bayou_crossing,
          serial_bayou_pond_c, serial_bayou_shore_a, serial_bayou_pond_a,
          uniq_ijyb
D:6:      layout_cave_pods, mainiacjoe_overflow_large_starburst,
          minmay_temple_entry_butterflies
D:7:      layout_basic, lemuel_mausoleum_altar_yredelemnul
D:8:      layout_basic, mainiacjoe_overflow_cross_hatched, trog_book,
          minmay_misc_feat_x, solitary_fountain, kennysheep_generic_room_12
D:9:      layout_loops_cross, general_overflow_altar, lair_entry_dummy,
          orc_0_dummy, kennysheep_generic_room_16
D:10:     layout_rooms
D:11:     layout_basic, uniq_maurice
D:12:     layout_roguey, uniq_rupert
D:13:     layout_gridville, serial_shops, freezing_bzr, shop,
          kennysheep_little_box, shop, shop
Temple:   hellmonk_temple_forest_ring

Skill      XL: |  1  2  3  4  5  6  7  8  9 10 11 12 |
---------------+-------------------------------------+-----
Shields        | 3 4 5 6 8 9 10 | 10.9
Unarmed Combat | 3 4 5 6 7 9 11 13 14 15 | 15.9
Invocations    | 2 4 6 7 |  7.7
Fighting       | |  2.4
Dodging        | |  2.4

Action                   |  1- 3 |  4- 6 |  7- 9 | 10-12 || total
-------------------------+-------+-------+-------+-------++-------
Melee: Unarmed           |   100 |    93 |   223 |   358 ||   774
Invok: Ancestor Life: He |       |     1 |       |       ||     1
       Idealise          |       |       |       |     3 ||     3
Evoke: Wand              |       |     1 |     1 |    14 ||    16
  Use: Potion            |       |     1 |       |     7 ||     8
       Scroll            |       |     4 |    11 |     5 ||    20
 Stab: Distracted        |       |     3 |     2 |     3 ||     8
       Sleeping          |       |     1 |       |       ||     1
       Confused          |       |     1 |     4 |     6 ||    11
Armor: Robe              |    34 |    18 |    50 |    34 ||   136
       Troll leather arm |       |       |       |    28 ||    28
       Ice dragon scales |       |       |       |     5 ||     5
Dodge: Dodged            |    46 |    29 |    48 |    72 ||   195
Block: Kite shield       |    47 |    24 |    60 |   239 ||   370
       Reflection        |       |       |       |     7 ||     7
